 Dungeon Crawl Stone Soup version 0.31-a0-851-g7ff8af7976 (webtiles) character file.

Game seed: 7708606956519139399

10857 Dano1871 the Slicer (level 11, -1/86 HPs)
             Began as a Gnoll Wanderer on Oct 4, 2023.
             Was a Believer of the Shining One.
             Slain by a catoblepas (23 damage)
             ... on level 2 of the Lair of Beasts on Oct 5, 2023.
             The game lasted 01:46:03 (10724 turns).

Dano1871 the Slicer (Gnoll Wanderer)               Turns: 10724, Time: 01:46:06

Health: -1/86      AC: 12    Str: 19    XL:     11   Next: 68%
Magic:  18/21      EV: 20    Int: 12    God:    the Shining One [**....]
Gold:   464        SH:  0    Dex: 18    Spells: 4/23 levels left

rFire   . . .        R - +2 mace (protect)
rCold   . . .        (no shield)
rNeg    + . .        I - +3 leather armour of Ignis's Righteous Fury {Dex+4}
rPois   .            p - +2 helmet
rElec   .            (no cloak)
rCorr   .            F - +1 pair of gloves
SInv    .            (no boots)
Will    .....        l - amulet of regeneration
Stlth   ++           j - +6 ring of strength
HPRegen 1.14/turn    K - +5 ring of evasion
MPRegen 0.17/turn

%: no passive effects
@: marked, glowing
A: fangs 1, strong nose, distributed training
a: Renounce Religion, Divine Shield


You were on level 2 of the Lair of Beasts.
You worshipped the Shining One.
The Shining One was pleased with you.
You visited 3 branches of the dungeon, and saw 11 of its levels.

You collected 464 gold pieces.

Inventory:

Hand Weapons
 r - a +0 sling
 A - a +0 battleaxe
 C - a +0 short sword of holy wrath
 H - a +3 flail
 O - a +4 short sword
 Q - a +4 spear
 R - a +2 mace of protection (weapon)
 T - a +2 scimitar of flaming
Missiles
 b - a curare-tipped dart
 g - 75 stones
 m - 7 boomerangs (quivered)
 y - 9 poisoned darts
 V - a throwing net
Armour
 d - a +0 leather armour
 e - a +0 ring mail
 h - a +0 scale mail
 i - a +0 chain mail
 o - a +0 animal skin
 p - a +2 helmet (worn)
 s - a +0 robe
 F - a +1 pair of gloves (worn)
 I - the +3 leather armour of Ignis's Righteous Fury (worn) {Dex+4}
   (You found it on level 5 of the Dungeon)

   Dex+4:     It affects your dexterity (+4).
 J - +0 fire dragon scales
 P - +0 steam dragon scales
 S - a +2 leather armour of cold resistance
Magical Staves
 G - a staff of poison
Jewellery
 j - a +6 ring of strength (left hand)
 l - an amulet of regeneration (around neck)
 z - a ring of protection from cold
 D - a ring of magical power
 K - a +5 ring of evasion (right hand)
 U - a ring of flight
 X - a ring of wizardry
Talismans
 x - a beast talisman
Wands
 v - a wand of flame (20)
 w - a wand of roots (8)
 Z - a wand of mindburst (7)
Scrolls
 a - a scroll of noise
 c - a scroll of blinking
 f - 7 scrolls of teleportation
 k - 2 scrolls of amnesia
 q - a scroll of poison
 t - 5 scrolls of vulnerability
 B - 3 scrolls of fog
 E - a scroll of revelation
 Y - a scroll of immolation {unknown}
Potions
 u - a potion of curing
 L - 2 potions of brilliance
 M - 2 potions of haste
 N - a potion of enlightenment
 W - a potion of magic


   Skills:
 + Level 8.1 Fighting
 + Level 10.8 Short Blades
 + Level 6.6 Long Blades
 + Level 6.6 Axes
 + Level 8.1 Maces & Flails
 + Level 6.6 Polearms
 + Level 6.6 Staves
 + Level 6.6 Ranged Weapons
 + Level 6.6 Throwing
 + Level 7.2 Armour
 + Level 6.6 Dodging
 + Level 7.1 Stealth
 + Level 6.6 Shields
 + Level 6.6 Unarmed Combat
 + Level 6.6 Spellcasting
 + Level 5.5 Conjurations
 + Level 5.5 Hexes
 + Level 5.5 Summonings
 + Level 5.5 Necromancy
 + Level 5.5 Translocations
 + Level 5.5 Transmutations
 + Level 5.5 Fire Magic
 + Level 5.5 Ice Magic
 + Level 5.5 Air Magic
 + Level 5.5 Earth Magic
 + Level 5.5 Poison Magic
 + Level 7.3 Invocations
 + Level 6.6 Evocations
 + Level 6.0 Shapeshifting


You had 4 spell levels left.
You knew the following spells:

 Your Spells              Type           Power      Damage    Failure   Level
a - Gell's Gravitas       Tloc           17%        N/A       6%          3
b - Teleport Other        Tloc           17%        N/A       6%          3
c - Hailstorm             Conj/Ice       17%        3d6       6%          3
d - Summon Ice Beast      Ice/Summ       17%        N/A       21%         4
e - Scorch                Fire           34%        2d6       3%          2
f - Flame Wave            Conj/Fire      17%        2d7       21%         4

Your spell library contained the following spells:

 Spells                   Type           Power      Damage    Failure   Level
 Tukima's Dance           Hex            17%        N/A       6%          3
 Passage of Golubria      Tloc           17%        N/A       21%         4
 Yara's Violent Unravell  Hex/Tmut       8%         3d5       50%         5
 Dispersal                Tloc           8%         N/A       97%         6
 Simulacrum               Ice/Necr       8%         N/A       97%         6
 Summon Cactus Giant      Summ           8%         N/A       97%         6


Dungeon Overview and Level Annotations

Branches:
Dungeon (8/15)             Temple (1/1) D:5            Lair (2/5) D:8
  Swamp: Lair:2-3    Shoals: Lair:2-3     Snake: Lair:2-3    Spider: Lair:2-3

Altars:
Ashenzari
Cheibriados
Elyvilon
Fedhas
Gozag
Hepliaklqana
Kikubaaqudgha
Makhleb
Nemelex Xobeh
Okawaru
Qazlal
Ru
Sif Muna
Trog
Uskayaw
Vehumet
Wu Jian
Xom
Yredelemnul
Zin
The Shining One

Annotations:
Lair:1 exclusion: 4 oklob plants


Innate Abilities, Weirdness & Mutations

You have very sharp teeth.
Your uncanny sense of smell can sniff out nearby items.
Your experience applies equally to all skills.


Message History

The black bear bites you but does no damage.
The black bear claws you. The black bear completely misses you.
The boulder beetle curls into a ball and begins rolling!
The catoblepas breathes a plume of calcifying dust at you.
The blast of calcifying dust hits you!
Your ice beast hits the wyvern but does no damage.
The komodo dragon bites you.
You are engulfed in calcifying dust.
The wyvern is no longer petrified.
The wyvern bites your ice beast. The yak gores you! The catoblepas gores you!
* * * LOW HITPOINT WARNING * * *
The black bear bites you but does no damage.
The black bear completely misses you.
The black bear claws you but does no damage.
The boulder beetle stops rolling and uncurls.
Your ice beast barely misses the wyvern.
The komodo dragon bites you!
* * * LOW HITPOINT WARNING * * *
The wyvern bites your ice beast!
You are engulfed in calcifying dust.
The yak gores you!
* * * LOW HITPOINT WARNING * * *
The catoblepas gores you!!
* * * LOW HITPOINT WARNING * * *
The black bear bites you.
* * * LOW HITPOINT WARNING * * *
The black bear claws you but does no damage. x2
Your ice beast completely misses the wyvern.
The wyvern bites your ice beast!
Your ice beast dies!
Your ice beast disappears in a puff of smoke!
The komodo dragon bites you!
* * * LOW HITPOINT WARNING * * *
The wyvern hisses angrily.
You turn to flesh and can move again.
You feel much better.
You are engulfed in calcifying dust.
The wyvern barely misses you.
The black bear bites you but does no damage.
The black bear misses you. The black bear claws you.
* * * LOW HITPOINT WARNING * * *
The catoblepas gores you!!
You die...

..# ..# #.. #..
####.# ##.#..#
##..##.######
#..⌠.#FYBY..#
Y###..§Y§##l@hP#
.§BY§§>[⌠##.#l.#####
...#......##.§#.##.##
##...####..<.....#
#...# ###..÷..#.#
..... #.........#
...⌠.. ###.†...###
....... #.#.###
..⌠..<..⌠ ##...#


You could see a catoblepas, a boulder beetle, a komodo dragon, a yak, a cane
toad, a black bear and a wyvern.

Vanquished Creatures
  The ghost of croobank the Martial Artist, a journeyman GnSh of Gozag (Lair:1)
  Erica (D:8)
  A gargoyle (D:5)
  A cane toad (Lair:1)
  2 komodo dragons
  Grinder (D:3)
  5 blink frogs (Lair:1)
  12 yaks
  A wyvern (Lair:2)
  Eustachio (D:6)
  A steam dragon (D:7)
  5 water moccasins
  An orc warrior (D:8)
  A sky beast (D:4)
  6 black bears
  3 ice beasts
  3 ogres
  A centaur (D:6)
  6 wolves
  2 phantoms
  2 kobold brigands (D:7)
  7 scorpions
  3 bullfrogs
  4 wights (D:7)
  2 howler monkeys (D:6)
  A jelly (D:6)
  3 hounds
  3 orc priests (D:7)
  2 sleepcaps
  7 iguanas
  An orc wizard (D:7)
  Robin (D:2)
  5 adders
  A shadow imp (D:6)
  3 ufetubi
  6 dart slugs
  6 worms
  18 orcs
  7 endoplasms
  4 giant cockroaches
  16 goblins
  9 hobgoblins
  4 jackals (D:2)
  18 kobolds
  5 quokkas
  6 ball pythons
  5 bats
  2 frilled lizards
  3 rats
209 creatures vanquished.

Vanquished Creatures (collateral kills)
  A black mamba (Lair:1)
  A cane toad (Lair:2)
  A komodo dragon (Lair:1)
  2 water moccasins
  A bullfrog (Lair:1)
6 creatures vanquished.

Grand Total: 215 creatures vanquished

Notes
Turn   | Place    | Note
-------+----------+-------------------------------------------
     0 | D:1      | Dano1871 the Gnoll Wanderer began the quest for the Orb.
     0 | D:1      | Dano1871 set off with the following items: a +3 short
                  | sword, a +0 mace, a scroll of blinking, a +0 leather
                  | armour.
     0 | D:1      | Reached XP level 1. HP: 20/20 MP: 1/1
   125 | D:1      | Reached XP level 2. HP: 26/26 MP: 2/2
   609 | D:1      | Reached XP level 3. HP: 31/31 MP: 3/3
  1386 | D:2      | Reached skill level 1 in Invocations
  1449 | D:2      | Learned a level 3 spell: Gell's Gravitas
  1519 | D:2      | Reached skill level 1 in Long Blades
  1519 | D:2      | Reached skill level 1 in Axes
  1519 | D:2      | Reached skill level 1 in Polearms
  1519 | D:2      | Reached skill level 1 in Staves
  1519 | D:2      | Reached skill level 1 in Ranged Weapons
  1519 | D:2      | Reached skill level 1 in Throwing
  1519 | D:2      | Reached skill level 1 in Dodging
  1519 | D:2      | Reached skill level 1 in Shields
  1519 | D:2      | Reached skill level 1 in Unarmed Combat
  1519 | D:2      | Reached skill level 1 in Spellcasting
  1519 | D:2      | Reached skill level 1 in Evocations
  1683 | D:2      | Reached skill level 1 in Shapeshifting
  1683 | D:2      | Reached XP level 4. HP: 26/38 MP: 5/5
  1819 | D:2      | Noticed Robin
  1835 | D:2      | Killed Robin
  1836 | D:2      | Reached skill level 1 in Conjurations
  1836 | D:2      | Reached skill level 1 in Hexes
  1836 | D:2      | Reached skill level 1 in Summonings
  1836 | D:2      | Reached skill level 1 in Necromancy
  1836 | D:2      | Reached skill level 1 in Translocations
  1836 | D:2      | Reached skill level 1 in Transmutations
  1836 | D:2      | Reached skill level 1 in Fire Magic
  1836 | D:2      | Reached skill level 1 in Ice Magic
  1836 | D:2      | Reached skill level 1 in Air Magic
  1836 | D:2      | Reached skill level 1 in Earth Magic
  1836 | D:2      | Reached skill level 1 in Poison Magic
  2521 | D:3      | Reached XP level 5. HP: 43/43 MP: 5/7
  2525 | D:3      | Noticed Grinder
  2576 | D:3      | Killed Grinder
  2577 | D:3      | Reached skill level 5 in Fighting
  2577 | D:3      | Reached skill level 5 in Maces & Flails
  2577 | D:3      | Reached XP level 6. HP: 13/51 MP: 7/9
  2745 | D:3      | Upgraded the game from 0.31-a0-848-gaac375c287 to
                  | 0.31-a0-851-g7ff8af7976
  3456 | D:4      | Reached XP level 7. HP: 56/56 MP: 10/10
  3686 | D:4      | Found a glowing golden altar of the Shining One.
  3696 | D:4      | Found a snail-covered altar of Cheibriados.
  3702 | D:4      | Became a worshipper of the Shining One
  3717 | D:4      | Found a hide-covered altar of Uskayaw.
  4159 | D:4      | Reached skill level 9 in Short Blades
  4760 | D:5      | Entered Level 5 of the Dungeon
  4780 | D:5      | Found a staircase to the Ecumenical Temple.
  4793 | D:5      | Reached XP level 8. HP: 50/63 MP: 12/12
  4802 | D:5      | Learned a level 3 spell: Teleport Other
  4804 | Temple   | Entered the Ecumenical Temple
  5117 | D:5      | Noticed a gargoyle
  5543 | D:5      | Killed a gargoyle
  5741 | D:5      | Identified the +3 leather armour of Ignis's Righteous Fury
                  | {Dex+4}
  6311 | D:6      | Reached XP level 9. HP: 69/69 MP: 14/14
  6463 | D:6      | Learned a level 3 spell: Hailstorm
  6568 | D:6      | Noticed Eustachio
  6568 | D:6      | Reached * piety under the Shining One
  6586 | D:6      | Reached skill level 5 in Armour
  6611 | D:6      | Killed Eustachio
  6729 | D:6      | Reached skill level 5 in Stealth
  6793 | D:6      | Found a sacrificial altar of Ru.
  7067 | D:7      | Reached skill level 5 in Invocations
  7446 | D:7      | Reached ** piety under the Shining One
  7455 | D:7      | Reached XP level 10. HP: 31/77 MP: 3/17
  7624 | D:7      | Reached skill level 5 in Long Blades
  7624 | D:7      | Reached skill level 5 in Axes
  7624 | D:7      | Reached skill level 5 in Polearms
  7624 | D:7      | Reached skill level 5 in Staves
  7624 | D:7      | Reached skill level 5 in Ranged Weapons
  7624 | D:7      | Reached skill level 5 in Throwing
  7624 | D:7      | Reached skill level 5 in Dodging
  7624 | D:7      | Reached skill level 5 in Shields
  7624 | D:7      | Reached skill level 5 in Unarmed Combat
  7624 | D:7      | Reached skill level 5 in Spellcasting
  7624 | D:7      | Reached skill level 5 in Evocations
  8421 | D:8      | Noticed Erica
  8449 | D:8      | Killed Erica
  8450 | D:8      | Reached skill level 10 in Short Blades
  8501 | D:8      | Found a bloodstained altar of Trog.
  8611 | D:8      | Reached skill level 5 in Shapeshifting
  8762 | D:8      | Found a staircase to the Lair.
  8786 | Lair:1   | Entered Level 1 of the Lair of Beasts
  9074 | Lair:1   | Noticed a black mamba
  9208 | Lair:1   | Noticed a cane toad
  9213 | Lair:1   | Killed a cane toad
  9259 | Lair:1   | Learned a level 4 spell: Summon Ice Beast
  9364 | Lair:1   | Reached XP level 11. HP: 46/84 MP: 2/19
  9375 | Lair:1   | Reached skill level 5 in Conjurations
  9375 | Lair:1   | Reached skill level 5 in Hexes
  9375 | Lair:1   | Reached skill level 5 in Summonings
  9375 | Lair:1   | Reached skill level 5 in Necromancy
  9375 | Lair:1   | Reached skill level 5 in Translocations
  9375 | Lair:1   | Reached skill level 5 in Transmutations
  9375 | Lair:1   | Reached skill level 5 in Fire Magic
  9375 | Lair:1   | Reached skill level 5 in Ice Magic
  9375 | Lair:1   | Reached skill level 5 in Air Magic
  9375 | Lair:1   | Reached skill level 5 in Earth Magic
  9375 | Lair:1   | Reached skill level 5 in Poison Magic
  9540 | Lair:1   | Learned a level 2 spell: Scorch
  9545 | Lair:1   | Learned a level 4 spell: Flame Wave
  9556 | Lair:1   | Noticed croobank's ghost (journeyman GnSh)
  9559 | Lair:1   | Found a runed translucent door.
  9605 | Lair:1   | Killed croobank's ghost
  9646 | Lair:1   | Noticed an oklob plant
  9660 | Lair:1   | Noticed an oklob plant
 10256 | Lair:1   | Paralysed by a floating eye for 2 turns
 10265 | Lair:1   | Paralysed by a floating eye for 3 turns
 10270 | Lair:1   | Paralysed by a floating eye for 3 turns
 10280 | Lair:1   | Paralysed by a floating eye for 2 turns
 10300 | Lair:1   | Noticed an oklob plant
 10300 | Lair:1   | Noticed an oklob plant
 10694 | Lair:2   | Noticed a catoblepas
 10698 | Lair:2   | Noticed a boulder beetle
 10723 | Lair:2   | HP: 1/86 [komodo dragon (6)]
 10724 | Lair:2   | Slain by a catoblepas

Illustrated notes

Levels and vault maps discovered:
D:1:      grunt_arrival_lava_bath, layout_basic, serial_corexii_hall,
          corexii_hall_statues_l, corexii_hall_statues_t
D:2:      layout_loops_corners, minmay_tripent, uniq_robin
D:3:      layout_loops_ring, uniq_grinder
D:4:      layout_layer_cave, minmay_overflow_temple_star_quad,
          minmay_diced_spiral
D:5:      minmay_chambers_of_fours, layout_layer_cave,
          minmay_temple_entry_large_hall
D:6:      layout_rooms, nicolae_ru_awakened_eye, uniq_eustachio
D:7:      layout_loops_corners
D:8:      layout_rooms, nicolae_overflow_hidden_temple,
          grunt_lair_entry_orc_guard_hut, moated_statue,
          minmay_misc_feat_enclosed, uniq_erica
Temple:   regret_index_temple_sphere_string
Lair:1:   layout_concentric_octagons, hellmonk_ghost_happy_afterlife,
          disabler_island, infiniplex_staircase_pool_2
Lair:2:   layout_loops_ring, nicolae_shoals_entry_roost, grunt_megastairs_3

Skill      XL: |  1  2  3  4  5  6  7  8  9 10 11 |
---------------+----------------------------------+-----
Invocations    | 1 2 3 4 5 6 7 |  7.3
Long Blades    | 1 2 3 4 5 6 |  6.6
Axes           | 1 2 3 4 5 6 |  6.6
Polearms       | 1 2 3 4 5 6 |  6.6
Staves         | 1 2 3 4 5 6 |  6.6
Ranged Weapons | 1 2 3 4 5 6 |  6.6
Throwing       | 1 2 3 4 5 6 |  6.6
Dodging        | 1 2 3 4 5 6 |  6.6
Shields        | 1 2 3 4 5 6 |  6.6
Unarmed Combat | 1 2 3 4 5 6 |  6.6
Spellcasting   | 1 2 3 4 5 6 |  6.6
Evocations     | 1 2 3 4 5 6 |  6.6
Shapeshifting  | 1 2 3 4 5 6 |  6.0
Conjurations   | 1 2 3 4 5 |  5.5
Hexes          | 1 2 3 4 5 |  5.5
Summonings     | 1 2 3 4 5 |  5.5
Necromancy     | 1 2 3 4 5 |  5.5
Translocations | 1 2 3 4 5 |  5.5
Transmutations | 1 2 3 4 5 |  5.5
Fire Magic     | 1 2 3 4 5 |  5.5
Ice Magic      | 1 2 3 4 5 |  5.5
Air Magic      | 1 2 3 4 5 |  5.5
Earth Magic    | 1 2 3 4 5 |  5.5
Poison Magic   | 1 2 3 4 5 |  5.5
Fighting       | 5 6 7 8 |  8.1
Maces & Flails | 5 6 7 8 |  8.1
Armour         | 3 4 5 6 7 |  7.2
Stealth        | 3 4 5 6 7 |  7.1
Short Blades   | 9 10 | 10.8

Action                     |  1- 3 |  4- 6 |  7- 9 | 10-12 || total
---------------------------+-------+-------+-------+-------++-------
  Melee: Short sword       |   111 |   194 |   299 |   254 ||   858
         Bite              |     5 |    24 |    50 |    67 ||   146
         Punch             |       |     4 |    15 |    29 ||    48
         Battleaxe         |       |       |    43 |       ||    43
         Mace              |       |       |       |   127 ||   127
  Throw: Boomerang         |       |       |     8 |    29 ||    37
   Cast: Gell's Gravitas   |       |       |    15 |    23 ||    38
         Hailstorm         |       |       |     4 |     4 ||     8
         Teleport Other    |       |       |     1 |     6 ||     7
         Summon Ice Beast  |       |       |       |    11 ||    11
         Flame Wave        |       |       |       |     4 ||     4
 Invoke: Divine Shield     |       |       |       |     2 ||     2
  Evoke: Wand              |       |       |     4 |       ||     4
    Use: Scroll            |     5 |     2 |     7 |     4 ||    18
         Potion            |     3 |     2 |     4 |     3 ||    12
   Stab: Sleeping          |     1 |     4 |     1 |       ||     6
 Armour: Leather armour    |    13 |    69 |   175 |   205 ||   462
         Ring mail         |    28 |       |       |       ||    28
         Scale mail        |     7 |       |       |       ||     7
  Dodge: Dodged            |    25 |    68 |   172 |   310 ||   575
  Block: Other             |       |       |       |     4 ||     4

Table legend: (Time is in decaauts)
 A = Elapsed time spent in this place.
 B = Non-inter-level travel time spent in this place.
 C = Inter-level travel time spent in this place.
 D = Time resting spent in this place.
 E = Time spent auto-exploring this place.
 F = Levels seen in this place.
 G = Mean time per level.
                   A        B        C        D        E       F      G
               +--------+--------+--------+--------+--------+-----+--------+
         Total |  10336 |  10336 |      0 |   1591 |   2181 |  11 |  939.6 |
       Dungeon |   8484 |   8484 |      0 |    945 |   2181 |   8 | 1060.5 |
        Temple |      1 |      1 |      0 |      0 |      0 |   1 |    1.0 |
          Lair |   1849 |   1849 |      0 |    646 |      0 |   2 |  924.5 |
               +--------+--------+--------+--------+--------+-----+--------+

Top non-repeatable levels by time:
  Lair:1: 1648 daAuts
     D:4: 1479 daAuts
     D:5: 1458 daAuts
     D:7: 1412 daAuts
     D:2: 1312 daAuts
     D:1: 1025 daAuts
     D:3: 791 daAuts
     D:6: 641 daAuts
     D:8: 362 daAuts
  Lair:2: 201 daAuts
  Temple: 1 daAuts
